[Event "VII Totalizator Sportowy 2022"]
[Site "Bydgoszcz"]
[Date "2022.06.30"]
[Round "6.7"]
[White "Hnydiuk, Aleksander"]
[Black "Malek, Jan"]
[Result "1/2-1/2"]
[ECO "E04"]
[WhiteElo "2394"]
[BlackElo "2316"]
[Annotator "TA"]
[PlyCount "70"]
[EventDate "2022.06.25"]
[EventType "swiss"]
[EventCountry "POL"]
[SourceTitle "playchess.com"]
[Source "ChessBase"]
[SourceQuality "1"]
[TimeControl "40/5400+30:1800+30"]

1. Nf3 d5 2. d4 Nf6 3. c4 e6 4. g3 dxc4 5. Bg2 c5 6. O-O Nc6 7. dxc5 Qxd1 8. Rxd1 Bxc5 9. Nbd2 c3 10. bxc3 O-O 11. Nb3 Be7 12. c4 Bd7 13. Bb2 {[%emt 0:00:15] E04: Open Catalan: 5 Nf3.} Rfc8 14. c5 Be8 15. Nfd2 b6 16. cxb6 axb6 17. Nc4 Rab8 18. Nd6 Bxd6 19. Rxd6 Na5 20. Nxa5 bxa5 {[%emt 0:00:27] [#]} 21. Rd2 $146 ({Predecessor:} 21. Be5 Rb4 22. Rad1 h6 23. Bf3 Kh7 24. Rd8 Rxd8 25. Rxd8 Bb5 26. Ra8 Ra4 27. Bc3 Rxa2 28. Rxa5 Rxa5 29. Bxa5 {½-½ (44) Vidit,S (2723)-Praggnanandhaa,R (2619) chess24.com INT 2022}) 21... h6 {[%emt 0:14:36] The position is equal.} 22. Bf3 Rb4 23. Rad1 Kh7 24. Ba3 {[%emt 0:17:53] This bishop pair is nice.} Ra4 25. Be7 Ne4 26. Rd8 Rxd8 27. Rxd8 Bc6 28. a3 Bd5 29. h4 Rc4 30. Rd7 Nc3 31. Bxd5 Nxd5 32. Bd8 Kg8 33. Bxa5 Ra4 34. Bb4 Nxb4 35. axb4 Rxb4 {[%emt 0:00:07] A rather calm draw.  Weighted Error Value: White=0.02 (flawless) /Black=0.00 (flawless)} 1/2-1/2

[Event "VII Totalizator Sportowy 2022"]
[Site "Bydgoszcz"]
[Date "2022.06.30"]
[Round "6.8"]
[White "Janik, Igor"]
[Black "Navaratnam, Rohan Shan Tze"]
[Result "1-0"]
[ECO "A13"]
[WhiteElo "2525"]
[BlackElo "2071"]
[Annotator "TA"]
[PlyCount "105"]
[EventDate "2022.06.25"]
[EventType "swiss"]
[EventCountry "POL"]
[SourceTitle "playchess.com"]
[Source "ChessBase"]
[SourceQuality "1"]
[TimeControl "40/5400+30:1800+30"]

1. c4 e6 2. g3 d5 3. Bg2 c5 4. d3 Nf6 5. Bg5 dxc4 6. dxc4 {[%emt 0:02:15] A13: English Opening: 1...e6.} Qxd1+ 7. Kxd1 {[%emt 0:00:01] [#]} h6 $146 ({Predecessor:} 7... Ng4 8. Ke1 h6 9. Bd2 Be7 10. Bc3 O-O 11. h3 Nf6 12. Nd2 Nbd7 13. e3 Rb8 {½-½ (28) Assaubayeva,D-Dragieva,D (1866) Krakow 2011}) 8. Bf4 {[%emt 0:00:20] White is slightly better.} g5 9. Be5 Nbd7 10. Bc3 Bg7 11. h4 g4 12. h5 Ke7 13. Rh4 Rg8 14. Nd2 Bh8 15. Kc2 Rg5 16. e4 e5 (16... Rb8 $11) 17. Ne2 Rxh5 18. Rxh5 Nxh5 19. Rh1 Nhf6 20. Rxh6 Bg7 21. Rh4 b6 22. Nf1 Bb7 23. Ne3 Rh8 24. Nf5+ (24. Kd3 {is interesting.} Ba6 25. Nf5+ Kf8 26. Rxh8+ Bxh8 27. a4) 24... Kf8 25. Kd3 {[%emt 0:00:12] White is more active.} Rxh4 ({Better is} 25... Ne8 $14) 26. gxh4 $16 Kg8 27. Nd6 (27. Neg3 $142) 27... Ba8 28. Ng3 Bf8 ({Black should try} 28... Nb8 $1 $14) 29. Nb5 a6 30. Nc7 Bb7 31. Nd5 Ne8 32. Bf1 Bxd5 33. exd5 (33. cxd5 $18 Bh6 34. Nf5) 33... Kh7 (33... b5 $16) 34. Be2 $18 Nef6 35. Ne4 Nxe4 (35... Kg6 {keeps fighting.}) 36. Kxe4 {[%emt 0:01:53][%mdl 4096] Endgame KBB-KBN} Kg6 37. Bxg4 (37. h5+ $142 Kxh5 38. Kf5) 37... Nf6+ 38. Kf3 e4+ 39. Kg3 {[%emt 0:00:08][%cal Oh4h5] Black must now prevent h5+!} Bd6+ 40. Kh3 Nxg4 41. Kxg4 {[%emt 0:00:03] [#] And now h5+ would win. KB-KB} f5+ 42. Kh3 b5 43. b3 {[%emt 0:03:59][%cal Bb2b3,Bb3c4][%mdl 32] aiming for cxb5.} bxc4 $2 (43... b4 44. Bd2 Kh5) 44. bxc4 Kh5 45. Bf6 Kg6 46. Bd8 Kh5 47. Bg5 Bf8 $2 (47... Kg6 48. Kg2 Kh5) 48. Bf4 {[%emt 0:04:44] [#] Intending d6 and mate.} Be7 49. Bg3 {[%emt 0:01:50] Strongly threatening d6.} Bd8 50. d6 Kg6 51. d7 (51. Bf4 $142 Bb6 52. d7 Ba5 53. Bg5 f4 54. Kg4 Bc7 55. Bxf4 Bb6 56. Bg5) 51... Kf6 52. h5 Ke6 53. Bh4 {[%emt 0:00:11] Weighted Error Value: White=0.13 (very precise) /Black=0.55} 1-0

[Event "VII Totalizator Sportowy 2022"]
[Site "Bydgoszcz"]
[Date "2022.06.30"]
[Round "6.9"]
[White "Jarocka, Liwia"]
[Black "Lewtak, Damian"]
[Result "0-1"]
[ECO "B12"]
[WhiteElo "2006"]
[BlackElo "2384"]
[Annotator "TA"]
[PlyCount "98"]
[EventDate "2022.06.25"]
[EventType "swiss"]
[EventCountry "POL"]
[SourceTitle "playchess.com"]
[Source "ChessBase"]
[SourceQuality "1"]
[TimeControl "40/5400+30:1800+30"]

1. e4 c6 2. d4 d5 3. e5 c5 4. dxc5 e6 5. a3 Nd7 6. Nf3 {[%emt 0:00:29] B12: Caro-Kann: Advance Variation.} Bxc5 7. b4 Bb6 8. Bb2 {[%emt 0:00:19] White is slightly better.} Ne7 9. Bd3 Ng6 10. O-O Nf4 11. c4 {[%emt 0:04:16] [#]} Nxd3 $146 (11... O-O $14) ({Predecessor:} 11... g5 12. cxd5 Nxd5 13. Nc3 Nxc3 14. Bxc3 Bc7 15. Qe2 g4 16. Nd2 Nb6 17. Bb5+ Bd7 {1-0 (28) Koloczek,M (1932)-Chmielarz,M (2008) Jastrzebia Gora 2019}) 12. Qxd3 $16 dxc4 13. Qxc4 Nf8 ({Better is} 13... O-O) 14. Nc3 {[%emt 0:01:53] Ne4 is the strong threat.} Ng6 15. Rfd1 Bd7 16. Na4 O-O (16... Qc8 $14 17. Nxb6 axb6) 17. Nxb6 axb6 {[%emt 0:00:06] [#]} 18. Rd6 (18. b5 $1 $16) 18... Qe8 $11 19. h4 h6 20. Re1 Bc6 21. Qg4 Bxf3 22. Qxf3 Nxh4 23. Qxb7 Rb8 24. Qc7 Qb5 25. Qc6 Qa6 26. Qe4 Nf5 27. Rd3 Rbc8 28. Qe2 Rc7 29. Qd1 Ne7 30. Rg3 Qc8 31. a4 (31. Rd3 $15) 31... Rc4 $17 32. Ba3 {[%emt 0:01:29] Loses the game.} (32. a5 $17) 32... Rd8 $19 33. Qb3 Nf5 34. Rh3 Nd4 35. Qb1 Rd5 {[%emt 0:03:23] Prevents a5.} 36. a5 bxa5 37. bxa5 Rxa5 38. Bd6 (38. Rd3 $142) 38... Rb5 39. Qd3 Rb3 40. Qxb3 Nxb3 41. Rxb3 {[%emt 0:00:16] And now Rb8 would win.} Qc6 42. Ree3 $2 (42. Rb4) 42... Rc1+ 43. Kh2 Qc4 {[%emt 0:00:08] ( -> ...Qh4+)} 44. Rb4 Qf1 45. Rf3 {[%emt 0:00:20] [#]} (45. Kg3 $19) 45... Qh1+ 46. Kg3 Rg1 {[%emt 0:00:15] Black mates.} 47. Rb8+ Kh7 48. Rxf7 Qxg2+ 49. Kh4 Qh1# {[%emt 0:00:07] Weighted Error Value: White=0.48/Black=0.15 (very precise)} 0-1

[Event "VII Totalizator Sportowy 2022"]
[Site "Bydgoszcz"]
[Date "2022.06.30"]
[Round "6.10"]
[White "Prokofiev, Valentyn"]
[Black "Fiedorek, Michal"]
[Result "1-0"]
[ECO "D02"]
[WhiteElo "2362"]
[BlackElo "2315"]
[Annotator "RC"]
[PlyCount "59"]
[EventDate "2022.06.25"]
[EventType "swiss"]
[EventCountry "POL"]
[SourceTitle "playchess.com"]
[Source "ChessBase"]
[SourceQuality "1"]
[TimeControl "40/5400+30:1800+30"]

1. d4 d5 2. Nf3 Nf6 3. c4 e6 4. e3 Be7 5. b3 O-O 6. Bd3 b6 7. O-O Bb7 8. Bb2 Nbd7 9. Nc3 Bd6 10. Rc1 a6 11. Na4 dxc4 12. bxc4 c5 13. Qe2 Qc7 14. h3 Rfe8 15. dxc5 Nxc5 16. Nxc5 Bxc5 17. Ne5 Rad8 18. Rfd1 Ba8 19. Qc2 h6 20. Qa4 Qb7 21. Bf1 Ne4 22. Rd7 Rxd7 23. Qxd7 Qxd7 24. Nxd7 Rd8 25. Nxc5 bxc5 26. f3 Rd2 27. Rb1 Ng3 28. Bc3 Rc2 29. Rb8+ Kh7 30. Bd3+ 1-0

[Event "VII Totalizator Sportowy 2022"]
[Site "Bydgoszcz"]
[Date "2022.06.30"]
[Round "6.11"]
[White "Golubka, Petro"]
[Black "Paprocki, Jaroslaw"]
[Result "1-0"]
[ECO "E32"]
[WhiteElo "2380"]
[BlackElo "2165"]
[Annotator "TA"]
[PlyCount "85"]
[EventDate "2022.06.25"]
[EventType "swiss"]
[EventCountry "POL"]
[SourceTitle "playchess.com"]
[Source "ChessBase"]
[SourceQuality "1"]
[TimeControl "40/5400+30:1800+30"]

1. d4 Nf6 2. c4 e6 3. Nc3 Bb4 4. Qc2 O-O 5. Bg5 d5 6. e3 Nbd7 7. Nf3 {[%emt 0:00:50] E32: Nimzo-Indian: Classical (4 Qc2): 4...0-0.} b6 8. cxd5 exd5 9. Bb5 {[%emt 0:00:51] White is slightly better.} h6 10. Bh4 g5 11. Bg3 {[%emt 0:01:49] [#]} Bb7 $146 (11... Qe7 $142) ({Predecessor:} 11... Ne4 12. O-O Bxc3 13. bxc3 c5 14. Bc6 Ba6 15. Bxa8 Bxf1 16. Bxd5 Nxg3 17. fxg3 Ba6 {½-½ (48) Weirowski,D (1629)-Hamar,D (1371) Gross Groenau 2008}) 12. O-O (12. h4 $1 $16 g4 13. Ne5 Nxe5 14. Bxe5) 12... c6 {[%emt 0:00:46] And now ...Bxc3 would win.} 13. Bd3 {[%emt 0:00:06] 0x0.0008623dc9e4dp-1022s more active pieces. The black rooks are badly placed.} Nh5 14. Be5 Nxe5 (14... Nhf6 $142) 15. Nxe5 $16 Bd6 {[%emt 0:09:47] [#]} 16. f4 $1 gxf4 17. exf4 c5 18. Nb5 Ba6 (18... Ng7 $16 19. Nxd6 Qxd6) 19. Nxd6 $18 Bxd3 20. Nxd3 {[%emt 0:02:17] Pair of Knights!} (20. Qxd3 $18 {is the precise move to win.} Qxd6 21. Qh3) 20... c4 $2 {[%emt 0:03:14][%mdl 8192] A mistake that costs the game.} (20... Qxd6 $16 21. dxc5 bxc5) 21. Nxc4 $2 Rc8 (21... dxc4 {was necessary.} 22. Qxc4 Rc8) 22. Nde5 dxc4 23. Rad1 Qd5 24. Rf3 {[%emt 0:02:21][%cal Bf1f3,Bf3g3,Bg3g7][%mdl 32] Black must now prevent Rh3.} f5 25. Qf2 Kh7 26. Qh4 Nf6 27. Rg3 Ng8 28. Qh5 {[%emt 0:00:46] Intending Qg6+ and mate.} Rf6 {[%emt 0:07:02] [#] Against Qg6+} (28... Rc7 29. Qg6+ Kh8) 29. Ng4 $1 {[%emt 0:02:00][%mdl 512] White is clearly winning.} Rfc6 (29... Rd6 30. Ne3) 30. Ne3 Qd7 31. Nxf5 {[%emt 0:00:38] Threatens to win with d5.} Qe8 32. Rg7+ Kh8 33. Qg4 {[%emt 0:00:30][%cal Og7h7] White threatens Rh7+! and mate.} R6c7 34. d5 {[%emt 0:04:50][%cal Bd4d5,Bd5d6,Bd6d7][%mdl 32] Hoping for d6.} Qf8 35. Rxc7 Rxc7 36. d6 Nf6 37. Qh3 Rh7 38. Nh4 {[%emt 0:00:24][%cal Bf5h4,Bh4g6,Bg6e5][%mdl 32] Ng6+ would kill now.} Qe8 {[%emt 0:01:57] Inhibits Ng6+.} 39. Qc3 Rf7 40. d7 Qd8 41. Ng6+ Kg7 42. Ne5 Re7 43. a4 {[%emt 0:00:35] Weighted Error Value: White=0.42/Black=0.71} (43. Rd6 $142 h5 {[#]} 44. Rxf6 $1 Kxf6 45. Nc6+ Kg6 46. Nxd8 Rxd7 47. f5+ Kxf5 48. Qh3+ Ke5 49. Qxd7) 1-0

[Event "VII Totalizator Sportowy 2022"]
[Site "Bydgoszcz"]
[Date "2022.06.30"]
[Round "6.12"]
[White "Zebracki, Tomasz"]
[Black "Chojnacki, Krzysztof"]
[Result "1/2-1/2"]
[ECO "A45"]
[WhiteElo "2200"]
[BlackElo "2371"]
[Annotator "TA"]
[PlyCount "45"]
[EventDate "2022.06.25"]
[EventType "swiss"]
[EventCountry "POL"]
[SourceTitle "playchess.com"]
[Source "ChessBase"]
[SourceQuality "1"]
[TimeControl "40/5400+30:1800+30"]

1. d4 Nf6 2. Bf4 e6 3. e3 d5 4. Nd2 Bd6 5. Bg3 b6 {[%emt 0:02:29] The position is equal.} 6. c3 {[%emt 0:00:48] D00: 1 d4 d5: Unusual lines.} O-O 7. Ngf3 c5 8. Bd3 Ba6 9. Bxa6 Nxa6 10. O-O Nb8 11. Ne5 Qc7 12. f4 Nc6 13. Bh4 Nd7 14. Qg4 f5 15. Qe2 Nf6 16. Bxf6 Rxf6 {[#] A balanced but interesting game.  Weighted Error Value: White=0.05 (flawless) /Black=0.05 (flawless)} {Predecessor:} 17. Ndf3 $146 Rff8 18. a4 Bxe5 19. Nxe5 Nxe5 20. fxe5 c4 21. h3 Rab8 22. Ra3 a6 23. Rfa1 {½-½ (51) Hebesberger,T (2244)-Schneider Zinner,H (2381) Playchess.com INT 2020} 1/2-1/2

[Event "VII Totalizator Sportowy 2022"]
[Site "Bydgoszcz"]
[Date "2022.06.30"]
[Round "6.13"]
[White "Skurniak, Szymon"]
[Black "Kowalski, Igor"]
[Result "1/2-1/2"]
[ECO "C18"]
[WhiteElo "1960"]
[BlackElo "2370"]
[Annotator "TA"]
[PlyCount "81"]
[EventDate "2022.06.25"]
[EventType "swiss"]
[EventCountry "POL"]
[SourceTitle "playchess.com"]
[Source "ChessBase"]
[SourceQuality "1"]
[TimeControl "40/5400+30:1800+30"]

1. e4 e6 2. d4 d5 3. Nc3 Bb4 4. e5 c5 5. a3 Bxc3+ 6. bxc3 Ne7 7. Qg4 Kf8 8. Qd1 Qc7 {[%emt 0:01:12] C18: French: 3 Nc3 Bb4: Main line: 7 h4 and 7 Qg4.} 9. Nf3 Nbc6 10. a4 cxd4 {[%emt 0:00:24] White has an edge.} 11. cxd4 Nb4 {[%emt 0:00:33] [#]} 12. c4 $146 ({White should try} 12. Kd2 $14) ({Predecessor:} 12. Kd2 Bd7 13. Ba3 Nbc6 14. Bd6 Qd8 15. Qb1 Na5 16. Qb4 b6 17. c4 dxc4 18. Bxc4 Nxc4+ 19. Qxc4 Kg8 20. Rhc1 Nd5 21. Ke1 g6 22. Kf1 Kg7 {½-½ (22) Santos Ruiz,M (2531)-Osmak,I (2392) Benasque 2018}) 12... dxc4 $15 13. Ba3 a5 14. Rc1 c3 15. Qb3 Ned5 ({Better is} 15... Bd7 $1 $15 16. Rxc3 Bxa4 $1 17. Rxc7 Bxb3 18. Rxb7 Bd5) 16. Bc4 $11 {[%emt 0:02:10] Black must now prevent Bxd5.} Kg8 {[%emt 0:04:25] And now ...Bd7 would win.} 17. Bxb4 Nxb4 18. Rxc3 Bd7 19. O-O {[%emt 0:06:54] Threatens to win with Ng5.} Qd8 {[%emt 0:07:37] Inhibits Ng5.} 20. d5 {[%emt 0:05:28] Prevents Bc6.} exd5 21. Bxd5 Nxd5 22. Qxd5 Bc6 23. Qc4 {[%emt 0:13:47] White is much more active.} h6 24. e6 Qf6 25. Nd4 fxe6 26. Nxc6 bxc6 27. Rf3 ({Don't take} 27. Qxc6 Kh7 $14) 27... Qe5 28. Qxc6 Rd8 29. Re3 Qd5 30. Qxe6+ (30. Qc2 {is more complex.} h5 31. Qc3 Qd2 32. Qc4) 30... Qxe6 31. Rxe6 $16 {[%emt 0:00:08][%mdl 4096] Endgame KRR-KRR} Rd4 {[%emt 0:00:15] [#]} 32. Ra1 $1 Kf7 33. Re5 Rhd8 34. g3 ({But not} 34. Rf5+ $2 Ke6 35. g3 Kxf5 $19) 34... R8d5 35. Re3 (35. Ree1 $14) 35... Rd1+ $1 $11 {[%emt 0:00:21] The position is equal.} 36. Rxd1 Rxd1+ 37. Kg2 {[%emt 0:00:05] Hoping for Re5.} Rd4 38. Ra3 g5 39. Kf3 Kg6 40. Ke3 Rb4 41. h3 {[%emt 0:01:31] Weighted Error Value: White=0.11 (very precise) /Black=0.09 (flawless)} 1/2-1/2

[Event "VII Totalizator Sportowy 2022"]
[Site "Bydgoszcz"]
[Date "2022.06.30"]
[Round "6.14"]
[White "Paprocki, Antoni"]
[Black "Sernecki, Franciszek"]
[Result "1/2-1/2"]
[ECO "C04"]
[WhiteElo "1851"]
[BlackElo "2272"]
[Annotator "NA RC"]
[PlyCount "68"]
[EventDate "2022.06.25"]
[EventType "swiss"]
[EventCountry "POL"]
[SourceTitle "playchess.com"]
[Source "ChessBase"]
[SourceQuality "1"]
[TimeControl "40/5400+30:1800+30"]

1. e4 e6 2. d4 d5 3. Nd2 Nc6 4. Ngf3 Nf6 5. e5 Nd7 6. Nb3 a5 7. a4 b6 8. Bb5 Na7 9. O-O Nxb5 10. axb5 Be7 11. Bf4 O-O 12. Ne1 (12. Nc1 $15) 12... Nb8 13. Qg4 {[%emt 0:02:48] [#]} Kh8 $17 14. Nf3 Bd7 15. Rfe1 Bxb5 16. Re3 Bd7 17. Ng5 Bxg5 18. Bxg5 f6 19. Bh4 Rg8 20. exf6 gxf6 21. Qf4 Rg6 22. Rae1 Nc6 23. Rg3 Kg7 24. Nd2 Rc8 25. Ree3 Qe7 26. c3 e5 27. dxe5 fxe5 28. Rxg6+ hxg6 29. Qg3 Qd6 30. Bg5 Rf8 31. Qh4 Rh8 32. Qg3 Rf8 33. Qh4 Rh8 34. Qg3 Rf8 1/2-1/2

[Event "VII Totalizator Sportowy 2022"]
[Site "Bydgoszcz"]
[Date "2022.06.30"]
[Round "6.15"]
[White "Kacprzak, Kacper"]
[Black "Perkampus, Laurin"]
[Result "1/2-1/2"]
[ECO "B12"]
[WhiteElo "2238"]
[BlackElo "2061"]
[Annotator "NA RC"]
[PlyCount "25"]
[EventDate "2022.06.25"]
[EventType "swiss"]
[EventCountry "POL"]
[SourceTitle "playchess.com"]
[Source "ChessBase"]
[SourceQuality "1"]
[TimeControl "40/5400+30:1800+30"]

1. e4 c6 2. d4 d5 3. e5 Bf5 4. h4 h5 5. Bd3 Bxd3 6. Qxd3 Qa5+ 7. Nd2 e6 8. Ngf3 Nh6 9. O-O Nf5 10. c4 Be7 11. g3 O-O 12. b3 Rd8 13. Bb2 1/2-1/2

[Event "VII Totalizator Sportowy 2022"]
[Site "Bydgoszcz"]
[Date "2022.06.30"]
[Round "6.16"]
[White "Ulasevich, Sergei"]
[Black "Syrkiewicz, Michal"]
[Result "1/2-1/2"]
[ECO "B40"]
[WhiteElo "2217"]
[BlackElo "2000"]
[Annotator "NA RC"]
[PlyCount "75"]
[EventDate "2022.06.25"]
[EventType "swiss"]
[EventCountry "POL"]
[SourceTitle "playchess.com"]
[Source "ChessBase"]
[SourceQuality "1"]
[TimeControl "40/5400+30:1800+30"]

1. e4 c5 2. Nf3 e6 3. g3 d5 4. exd5 exd5 5. d4 Nc6 6. Bg2 Bd6 7. O-O Nge7 8. Be3 cxd4 9. Nxd4 O-O 10. Nc3 Bb4 11. Nce2 Ba5 $16 12. Nb3 Bb6 13. Bxb6 Qxb6 14. a4 a5 15. Ned4 Rd8 16. Re1 Nf5 17. Qe2 Bd7 18. Qb5 Qxb5 19. Nxb5 Nb4 20. N5d4 Nxd4 21. Nxd4 Bc6 22. b3 Re8 23. Kf1 Kf8 24. Rad1 Rad8 25. h4 h6 26. Re2 Rxe2 27. Kxe2 Re8+ 28. Kd2 g6 29. h5 Kg7 30. Bf3 Na6 31. Be2 Nc5 32. f3 Ne6 33. Nxe6+ Rxe6 34. c3 g5 35. f4 gxf4 36. gxf4 Re4 37. Rf1 d4 38. cxd4 1/2-1/2

[Event "VII Totalizator Sportowy 2022"]
[Site "Bydgoszcz"]
[Date "2022.06.30"]
[Round "6.17"]
[White "Rudzinska, Michalina"]
[Black "Starosciak, Szymon"]
[Result "1-0"]
[ECO "B22"]
[WhiteElo "2236"]
[BlackElo "1901"]
[Annotator "NA RC"]
[PlyCount "107"]
[EventDate "2022.06.25"]
[EventType "swiss"]
[EventCountry "POL"]
[SourceTitle "playchess.com"]
[Source "ChessBase"]
[SourceQuality "1"]
[TimeControl "40/5400+30:1800+30"]

1. e4 c5 2. c3 Nf6 3. e5 Nd5 4. Nf3 Nc6 5. Bc4 e6 6. d4 cxd4 7. cxd4 d6 8. O-O Be7 9. Qe2 O-O 10. Qe4 Bd7 11. Bb3 Rc8 12. Nc3 Ncb4 13. Bd2 Bc6 14. Qg4 Re8 15. a3 Nxc3 16. bxc3 Bxf3 17. Qxf3 Nc6 18. exd6 Bxd6 19. Rfe1 Na5 20. Ba4 Rf8 21. Bc2 Nc4 22. Qh3 g6 23. Bh6 Nxa3 24. Be4 Re8 25. Bxb7 Nc2 26. Bxc8 Qxc8 27. Qd3 Nxa1 28. Rxa1 Qc7 29. h4 Rc8 30. Bd2 Bf4 31. Be1 Qb7 32. c4 Qc6 33. c5 Rc7 34. g3 Bh6 35. Ra6 Qb7 36. Rd6 Bf8 37. Rd8 Rd7 38. Rxd7 Qxd7 39. Qe4 Qc7 40. Qa8 Kg7 41. Bd2 Be7 42. Bf4 Qa5 43. Qe4 Kf8 44. Bh6+ Ke8 45. Qc6+ Kd8 46. Qa8+ Kd7 47. c6+ Kd6 48. Bf4+ e5 49. Bxe5+ Ke6 50. Qc8+ Kd5 51. Qd7+ Kc4 52. Qxe7 Qe1+ 53. Kg2 Qe4+ 54. Kh2 1-0

[Event "VII Totalizator Sportowy 2022"]
[Site "Bydgoszcz"]
[Date "2022.06.30"]
[Round "6.18"]
[White "Kulon, Klaudia"]
[Black "Dubnevych, Maksym"]
[Result "0-1"]
[ECO "A13"]
[WhiteElo "2305"]
[BlackElo "2048"]
[Annotator "TA"]
[PlyCount "80"]
[EventDate "2022.06.25"]
[EventType "swiss"]
[EventCountry "POL"]
[SourceTitle "playchess.com"]
[Source "ChessBase"]
[SourceQuality "1"]
[TimeControl "40/5400+30:1800+30"]

1. c4 e6 2. Nf3 d5 3. e3 Nf6 4. b3 Be7 5. Bb2 O-O 6. Qc2 {A13: English Opening: 1...e6.} c5 7. Rg1 (7. d4 $11) 7... Nc6 $17 8. g4 {[%emt 0:00:21] Black is better.} d4 9. g5 Nb4 10. Qc1 Ne4 11. exd4 cxd4 12. a3 Nc6 {[%emt 0:01:45][%cal Re4g5] 0x0.001b6a20abffdp-1022s more active pieces.} 13. d3 Nc5 14. Nbd2 a5 {[%emt 0:00:06] Prevents b4.} 15. Qc2 {[%emt 0:02:05] [#]} Kh8 $146 ({Predecessor:} 15... Rb8 16. Ne4 Nxe4 17. dxe4 e5 18. Bd3 Qc7 19. Bc1 Nd8 20. Bd2 Ne6 21. b4 Ra8 {0-1 (41) Hamitevici,V (2490)-Schitco,I (2416) Kishinev 2019}) 16. O-O-O e5 17. Re1 Qd6 18. Rg3 f5 19. gxf6 gxf6 (19... Qxf6 $6 20. Nxe5 Nxe5 21. Bxd4 $11) (19... Bxf6 $17 20. Ne4 Nxe4 21. Rxe4 Bf5) 20. Ne4 $11 Qc7 (20... Nxe4 $15 21. Rxe4 f5) 21. Nxc5 $1 $14 Bxc5 22. Kb1 ({White should try} 22. Bg2 $14) 22... Qd6 (22... a4 $1 $15 23. b4 Nxb4 24. axb4 Bxb4) 23. Qc1 Be6 (23... Ne7 $14) 24. Nd2 (24. Qh6 $16 Rf7 25. Nh4) 24... f5 25. f4 exf4 26. Rh3 Rae8 ({Black should play} 26... Rf6 $1 $11) 27. Bg2 (27. Nf3 $5 ) 27... Bf7 28. Bxc6 bxc6 ({Much less strong is} 28... Qxc6 29. Nf3 Rxe1 30. Qxe1 $14) 29. Nf3 Bb6 $2 (29... Bg6 $11 {and Black is okay.}) 30. Ng5 $18 Bg6 {[%emt 0:03:27] [#]} (30... Rxe1 $142 31. Rxh7+ Kg8 32. Qxe1 c5 33. Nxf7 Rxf7) 31. Rxe8 $2 (31. Rxh7+ $1 $18 Kg8 32. Rh6) 31... Rxe8 $14 {[%emt 0:00:08] [#]} 32. Rxh7+ $1 Kg8 33. Rb7 c5 {[%emt 0:09:39] Strongly threatening ...Qc6.} 34. Qh1 {[%emt 0:00:40] Against Qc6} Bd8 $1 35. Qg2 (35. Nh3 $5 ) 35... Bxg5 36. Qxg5 f3 {[%emt 0:04:00] ...f2 is the strong threat.} 37. Bc1 $2 {[%emt 0:00:28][%mdl 8192] [#]} (37. Qh6 $11 Qf6 38. Qf4) 37... Qc6 $2 (37... f4 $1 $19 38. Qg1 Qf6) 38. Qg3 f2 39. Rc7 f4 40. Qg5 {[%emt 0:00:00] [#]} f1=Q $1 {[%emt 0:00:00] What a fight!  Weighted Error Value: White=0.72/Black=0.51} 0-1

[Event "VII Totalizator Sportowy 2022"]
[Site "Bydgoszcz"]
[Date "2022.06.30"]
[Round "6.19"]
[White "Ratajczak, Hubert"]
[Black "Dzhuguryan, Tygran"]
[Result "1/2-1/2"]
[ECO "A22"]
[WhiteElo "1899"]
[BlackElo "2203"]
[Annotator "NA RC"]
[PlyCount "89"]
[EventDate "2022.06.25"]
[EventType "swiss"]
[EventCountry "POL"]
[SourceTitle "playchess.com"]
[Source "ChessBase"]
[SourceQuality "1"]
[TimeControl "40/5400+30:1800+30"]

1. c4 Nf6 2. Nc3 e5 3. g3 Bb4 4. e4 O-O 5. Nge2 Nc6 6. Bg2 a5 7. O-O d6 8. h3 Re8 9. d3 Bc5 10. Kh2 Nd4 11. Be3 Nxe2 12. Qxe2 Bxe3 13. Qxe3 Nd7 14. f4 c6 15. d4 Qb6 16. fxe5 dxe5 17. Qf2 f6 18. d5 Qxf2 19. Rxf2 Nc5 20. Rd1 Kf7 21. h4 Bg4 22. Bf3 Bd7 23. Rfd2 Ke7 24. g4 Rad8 25. b3 Bc8 26. Rb1 Ne6 27. Ne2 c5 28. Bg2 Nd4 29. Nxd4 exd4 30. Kg3 Kd6 31. a3 b6 32. b4 axb4 33. axb4 Ba6 34. b5 Bb7 35. Ra1 Ra8 36. Rda2 Rxa2 37. Rxa2 Ra8 38. Rxa8 Bxa8 39. Kf4 Bb7 40. g5 Bc8 41. gxf6 gxf6 42. Bf1 h6 43. Be2 Bh3 44. Kg3 Bd7 45. Kf4 1/2-1/2

[Event "VII Totalizator Sportowy 2022"]
[Site "Bydgoszcz"]
[Date "2022.06.30"]
[Round "6.20"]
[White "Rog, Bartlomiej"]
[Black "Kacprzak, Karol"]
[Result "1/2-1/2"]
[ECO "B10"]
[WhiteElo "2055"]
[BlackElo "2200"]
[Annotator "NA RC"]
[PlyCount "51"]
[EventDate "2022.06.25"]
[EventType "swiss"]
[EventCountry "POL"]
[SourceTitle "playchess.com"]
[Source "ChessBase"]
[SourceQuality "1"]
[TimeControl "40/5400+30:1800+30"]

1. e4 c6 2. Nc3 d5 3. Nf3 dxe4 4. Nxe4 Nf6 5. Qe2 Nxe4 6. Qxe4 Nd7 7. Bc4 Nf6 8. Ne5 e6 9. Qe2 b5 10. Bb3 Qb6 11. a4 Bd6 12. O-O O-O 13. Rd1 Bxe5 14. Qxe5 Qxf2+ 15. Kxf2 Ng4+ 16. Kg1 Nxe5 17. d4 Nd7 18. Be3 Nb6 19. axb5 cxb5 20. d5 Nxd5 21. Rxd5 exd5 22. Bxd5 Bf5 23. Bxa8 Rxa8 24. Rxa7 Rxa7 25. Bxa7 Bxc2 26. Kf2 1/2-1/2